Map: Fields of Death

Players

Duncan

  • Race: Protoss Protoss

EdibleDXX

  • Race: Terran Terran

Ender - Winner!

  • Race: Protoss Protoss

Beavis - Winner!

  • Race: Protoss Protoss
  • League: Bronze

VOD

Have the link to the VOD?

Description

Time

  • Played on: Dec. 21, 2015, 12:35 p.m.
  • Length: 10:33
Show
View Real Time Build Order
Export as new Build Order

Duncan Protoss 

Build Orders:  

Get SALT Encoding   

  12  0:04  Probe (Chrono Boost)  
  13  0:26  Pylon  
  13  0:31  Pylon  
  13  0:35  Assimilator  
  13  0:41  Assimilator  
  13  0:44  Probe (Chrono Boost)  
  14  0:54  Probe (Chrono Boost)  
  15  1:00  Gateway  
  15  1:13  Probe (Chrono Boost)  
  16  1:24  Probe (Chrono Boost)  
  17  1:34  Probe (Chrono Boost)  
  18  1:45  Probe (Chrono Boost)  
  19  1:50  Gateway  
  19  1:55  Probe (Chrono Boost)  
  20  2:04  Cybernetics Core  
  20  2:06  Probe (Chrono Boost)  
  21  2:21  Pylon  
  21  2:30  Gateway  
  21  2:43  Warp Gate (Chrono Boost)  
  21  2:49  Forge  
  21  2:58  Robotics Facility  
  21  3:13  Zealot  
  21  3:14  Zealot  
  21  3:18  Zealot  
  27  3:35  Pylon  
  27  3:39  Pylon  
  27  4:00  Photon Cannon  
  27  4:03  Photon Cannon  
  27  4:06  Photon Cannon  
  27  4:22  Photon Cannon  
  27  4:48  Protoss Ground Weapons Level 1  
  27  4:55  Stalker  
  27  4:57  Stalker  
  31  5:20  Stalker  
  33  5:23  Stalker  
  35  5:29  Stalker  
  35  6:14  Stalker  
  35  6:17  Stalker  
  39  6:20  Stalker  
  41  6:42  Protoss Ground Armor Level 1  
  41  7:03  Stargate  
  41  7:51  Fleet Beacon  
  41  7:52  Phoenix  
  41  8:17  Phoenix (Chrono Boost)  
  41  8:36  Protoss Shields Level 1  
  41  8:42  Phoenix (Chrono Boost)  
  43  8:54  Nexus  
  41  9:03  Phoenix (Chrono Boost)  
  31  9:42  Tempest (Chrono Boost)  
  35  9:54  Stalker  
  35  9:56  Stalker  
  35  9:59  Stalker  
Show
View Real Time Build Order
Export as new Build Order

EdibleDXX Terran 

Build Orders:  

Get SALT Encoding   

  12  0:03  SCV  
  13  0:15  SCV  
  14  0:22  Supply Depot  
  14  0:30  Refinery  
  14  0:36  SCV  
  14  0:39  Refinery  
  15  0:56  Barracks  
  15  1:25  SCV  
  16  1:37  SCV  
  17  1:50  SCV  
  17  1:52  Barracks Tech Lab  
  18  2:02  SCV  
  19  2:41  Marauder  
  21  2:48  SCV  
  21  2:50  Command Center  
  22  3:00  SCV  
  23  3:06  Factory  
  23  3:16  Supply Depot  
  23  3:23  Orbital Command  
  23  3:38  Marauder  
  25  3:49  SCV  
  26  4:00  Marauder  
  28  4:10  SCV  
  28  4:11  SCV  
  30  4:17  Factory Tech Lab  
  30  4:21  Marauder  
  30  4:22  SCV  
  30  4:23  SCV  
  34  4:35  SCV x2  
  36  4:41  Engineering Bay  
  36  4:42  Marauder  
  38  4:47  SCV x2, Siege Tank  
  43  4:59  SCV x2  
  45  5:14  Supply Depot  
  45  5:17  SCV  
  46  5:28  Orbital Command  
  49  5:35  SCV  
  49  5:36  Marauder  
  49  5:39  Supply Depot  
  45  5:47  SCV  
  48  5:57  Marauder  
  48  5:59  SCV  
  48  6:03  Supply Depot  
  49  6:21  Missile Turret  
  47  6:49  Missile Turret  
  47  6:50  Missile Turret  
  47  6:51  Missile Turret  
  47  6:52  Marine  
  48  6:54  Missile Turret  
  48  6:56  Cyclone  
  49  7:03  Building Armor  
  49  7:10  Marine  
  50  7:27  Marine  
  50  7:28  Cyclone  
  51  7:45  Marine  
  51  8:00  Cyclone  
  51  8:03  Marine  
  47  8:32  Cyclone  
  49  8:48  Marine  
  46  9:05  Cyclone  
  46  9:06  Marine  
  50  9:13  Starport  
  50  9:24  Marine  
  51  9:37  Supply Depot, Cyclone  
  54  9:41  Marine  
  55  9:59  Marine  
  56  10:00  Supply Depot  
  53  10:24  Supply Depot  
Show
View Real Time Build Order
Export as new Build Order

Ender Protoss - Winner!

Build Orders:  

Get SALT Encoding   

  12  0:01  Probe (Chrono Boost)  
  13  0:14  Pylon  
  13  0:18  Probe (Chrono Boost)  
  14  0:29  Probe (Chrono Boost)  
  14  0:34  Gateway  
  15  0:40  Assimilator  
  15  0:46  Probe (Chrono Boost)  
  16  0:56  Probe (Chrono Boost)  
  17  1:07  Probe (Chrono Boost)  
  18  1:14  Assimilator  
  18  1:17  Probe (Chrono Boost)  
  19  1:24  Cybernetics Core  
  19  1:25  Pylon  
  19  1:41  Probe (Chrono Boost)  
  20  1:52  Probe (Chrono Boost)  
  21  2:04  Mothership Core (Chrono Boost)  
  23  2:13  Warp Gate  
  23  2:16  Adept  
  23  2:19  Pylon  
  26  2:22  Probe (Chrono Boost)  
  26  2:33  Probe (Chrono Boost)  
  27  2:41  Stargate  
  27  3:00  Pylon  
  27  3:25  Fleet Beacon  
  27  3:38  Zealot  
  27  3:39  Gateway  
  27  3:40  Gateway  
  35  4:35  Tempest (Chrono Boost)  
  39  4:42  Pylon  
  39  4:48  Probe  
  39  5:12  Tempest (Chrono Boost)  
  43  5:53  Tempest (Chrono Boost)  
  39  6:44  Tempest (Chrono Boost)  
  43  7:22  Tempest (Chrono Boost)  
  47  7:59  Tempest (Chrono Boost)  
  51  8:36  Tempest (Chrono Boost)  
  55  9:03  Nexus  
  55  9:32  Pylon  
  55  9:34  Pylon  
  55  9:36  Pylon  
  55  9:51  Tempest (Chrono Boost)  
  59  9:53  Pylon  
  59  9:55  Pylon  
  59  9:56  Pylon  
Show
View Real Time Build Order
Export as new Build Order

Beavis Protoss - Winner!

Build Orders:  

Get SALT Encoding   

  12  0:01  Probe (Chrono Boost)  
  13  0:13  Probe (Chrono Boost)  
  14  0:23  Pylon  
  14  0:26  Probe (Chrono Boost)  
  15  0:41  Probe (Chrono Boost)  
  16  0:43  Gateway  
  16  0:56  Assimilator  
  16  0:58  Probe (Chrono Boost)  
  17  1:09  Probe (Chrono Boost)  
  18  1:20  Probe (Chrono Boost)  
  19  1:30  Cybernetics Core, Probe (Chrono Boost)  
  20  1:41  Probe (Chrono Boost)  
  21  1:49  Assimilator  
  21  1:51  Probe (Chrono Boost)  
  22  1:55  Warp Gate (Chrono Boost)  
  22  1:57  Pylon  
  22  2:00  Pylon  
  22  2:02  Probe (Chrono Boost)  
  23  2:15  Probe (Chrono Boost), Forge, Zealot  
  26  2:27  Probe (Chrono Boost)  
  27  2:36  Gateway  
  27  2:41  Mothership Core (Chrono Boost)  
  27  2:43  Stalker  
  31  2:49  Protoss Ground Weapons Level 1  
  31  3:13  Sentry, Nexus  
  31  3:18  Probe (Chrono Boost)  
  34  3:23  Stalker  
  36  3:30  Probe (Chrono Boost)  
  37  3:43  Probe (Chrono Boost)  
  38  3:55  Probe (Chrono Boost)  
  39  4:06  Pylon  
  39  4:10  Pylon  
  39  4:14  Gateway  
  39  4:15  Gateway  
  39  4:25  Stalker x2  
  39  4:28  Pylon  
  43  4:32  Probe (Chrono Boost)  
  44  4:43  Probe (Chrono Boost)  
  45  4:53  Probe (Chrono Boost)  
  45  4:54  Stalker x2  
  50  5:02  Assimilator  
  50  5:04  Probe (Chrono Boost)  
  51  5:07  Assimilator  
  51  5:12  Protoss Ground Armor Level 1  
  51  5:14  Probe (Chrono Boost)  
  51  5:15  Twilight Council  
  52  5:25  Probe (Chrono Boost)  
  53  5:36  Probe (Chrono Boost)  
  54  5:46  Probe (Chrono Boost)  
  54  5:49  Stalker x4  
  63  5:57  Probe (Chrono Boost), Blink  
  64  6:07  Probe (Chrono Boost)  
  65  6:16  Stalker x4  
  65  6:18  Probe (Chrono Boost)  
  74  6:23  Gateway  
  74  6:28  Probe (Chrono Boost)  
  75  6:39  Probe (Chrono Boost)  
  76  6:40  Stalker  
  78  6:49  Pylon  
  78  6:51  Pylon  
  78  6:54  Pylon  
  78  6:57  Pylon  
  78  7:03  Pylon  
  78  7:05  Probe (Chrono Boost)  
  78  7:06  Pylon  
  79  7:08  Protoss Ground Armor Level 2 (Chrono Boost)  
  79  7:16  Probe  
  79  7:22  Stalker x5  
  90  7:51  Stalker x4  
  98  7:59  Stalker  
  100  8:09  Nexus  
  100  8:15  Pylon  
  100  8:17  Pylon  
  100  8:20  Pylon  
  100  8:24  Pylon  
  100  8:27  Assimilator  
  100  8:31  Assimilator  
  100  8:32  Stalker x3  
  106  8:35  Stalker  
  108  8:47  Forge  
  108  9:03  Stalker x4  
Tags
 
Add a new tag
Caveats
  • Supply blocks, unpowered buildings, or Contaminate may cause inaccurate times.
  • Supply counts are checked every 10 seconds.